 Dungeon Crawl Stone Soup version 0.30-a0-377-g5cb311bc9f (webtiles) character file.

Game seed: 10839278210636028930

1843 KennySheep the Skirmisher (level 8, -3/63 HPs)
             Began as a Demigod Hunter on Nov 29, 2022.
             Killed by divine providence
             ... invoked by an orc priest
              (13 damage)
             ... on level 7 of the Dungeon.
             The game lasted 00:12:27 (5135 turns).

KennySheep the Skirmisher (Demigod Hunter)          Turns: 5135, Time: 00:12:27

Health: -3/63      AC:  6    Str: 12    XL:     8   Next: 57%
Magic:  10/10      EV: 16    Int: 11    God:
Gold:   328        SH:  0    Dex: 25    Spells: 7/7 levels left

rFire   + . .      SeeInvis .    a - +0 shortbow
rCold   . . .      Faith    .    (shield currently unavailable)
rNeg    . . .      Spirit   .    p - +2 leather armour {rPois}
rPois   +          Reflect  .    (no helmet)
rElec   .          Harm     .    (no cloak)
rCorr   .          Rampage  .    m - +0 pair of gloves
Will    .....                    (no boots)
Stlth   ++........               (no amulet)
HPRegen 0.30/turn                t - ring of protection from fire
MPRegen 0.12/turn                (no ring)

@: lethally poisoned (-3 -> -7)
A: high MP 1, forlorn, divine attributes
a: no special abilities


You were on level 7 of the Dungeon.
You visited 1 branch of the dungeon, and saw 7 of its levels.

You collected 328 gold pieces.

Inventory:

Hand Weapons
 a - a +0 shortbow (weapon)
Armour
 m - a +0 pair of gloves (worn)
 p - a +2 leather armour of poison resistance (worn)
Jewellery
 s - a ring of ice
 t - a ring of protection from fire (left hand)
Wands
 l - a wand of polymorph (12)
Scrolls
 b - a scroll of immolation
 c - 2 scrolls of noise
 e - a scroll of vulnerability {unknown}
 g - a scroll of magic mapping
 k - a scroll of brand weapon
 r - a scroll of enchant weapon
Potions
 f - a potion of lignification {unknown}
 i - 2 potions of ambrosia
 j - a potion of curing
 n - a potion of brilliance
 o - a potion of flight
 q - a potion of degeneration {unknown}
 u - a potion of mutation {unknown}


   Skills:
 + Level 3.0 Fighting
 * Level 9.2 Ranged Weapons
 + Level 6.1 Dodging
 - Level 0.8 Stealth


You had 7 spell levels left.
You didn't know any spells.
Your spell library contained the following spells:

 Spells                   Type           Power      Damage    Failure   Level
 Gell's Gravitas          Tloc           0%         N/A       80%         3
 Lesser Beckoning         Tloc           0%         N/A       80%         3
 Teleport Other           Tloc           0%         N/A       80%         3


Dungeon Overview and Level Annotations

Branches:
Dungeon (7/15)             Temple (0/1) D:4

Shops:
D:4 :::

Annotations:
D:6 Maggie


Innate Abilities, Weirdness & Mutations

You have an increased reservoir of magic. (+10% MP)
You shall have no god before yourself.
Your divine heritage dramatically boosts your attributes as you level up.


Message History

The killer bee misses you.
An orc priest comes into view. It is wielding a +0 flail.
The orc warrior hits you but does no damage.
The killer bee barely misses you.
You shoot an arrow.
The arrow closely misses the killer bee.
The arrow hits the orc warrior but does no damage.
The killer bee misses you.
The orc warrior hits you from afar with a +0 trident!
The killer bee misses you.
You shoot an arrow. The arrow barely misses the killer bee.
The arrow closely misses the orc warrior.
The arrow hits the orc.
The orc is lightly wounded.
The killer bee closely misses you.
The orc warrior hits you from afar with a +0 trident.
The killer bee misses you.
You shoot an arrow. The arrow barely misses the killer bee.
The arrow closely misses the orc warrior.
The arrow hits the orc!
You kill the orc!
The killer bee barely misses you.
The orc warrior hits you from afar with a +0 trident!
The killer bee stings you.
You are poisoned.
The killer bee poisons you!
You shoot an arrow.
The arrow hits the killer bee but does no damage.
The killer bee is lightly wounded.
You feel sick. The killer bee stings you!
The orc warrior hits you from afar with a +0 trident.
* * * LOW HITPOINT WARNING * * *
The killer bee stings you.
* * * LOW HITPOINT WARNING * * *
It was a potion of magic.
Magic courses through your body.
You feel sick. The killer bee stings you.
* * * LOW HITPOINT WARNING * * *
The orc priest calls down the wrath of Beogh upon you.
Beogh smites you!
You die...

o# .# #.###.# .# #.# ## #.. .#
#.# #.. #.# '## #.# #.# ...# ..##
#.# #.# ##### .yo## ####.#
####.##### ##. ....## ##.##.#
#........# ##..
.....####.....####.##.#...####...
.....'.......ooy@...........†'...
.....####....#####.##.#...####...
....## ##.#.# #........# ##..
...## ###.# ####.##### ##. ..##
#.# #.# ## +# #.# #.# # #.# #.#
#.# #.# #.#


You could see an orc warrior, a killer bee and an orc priest.

Vanquished Creatures
  Sigmund (D:4)
  Eustachio (D:3)
  A water moccasin (D:6)
  A black bear (D:6)
  2 ogres (D:5)
  A phantom (D:3)
  A bullfrog (D:6)
  3 necrophages
  A scorpion (D:5)
  A killer bee (D:7)
  A howler monkey (D:5)
  2 jellies (D:6)
  3 orc priests
  2 gnoll boudas
  2 hounds
  Natasha (D:2)
  5 iguanas
  3 orc wizards
  8 gnolls
  7 adders
  An ufetubus (D:5)
  A worm (D:2)
  7 dart slugs
  14 orcs
  7 endoplasms
  A giant cockroach (D:1)
  A goblin (D:1)
  6 hobgoblins
  2 jackals (D:1)
  A quokka (D:4)
  3 ball pythons
  6 bats
  A frilled lizard (D:3)
  7 kobolds
  2 rats
107 creatures vanquished.

Notes
Turn   | Place    | Note
-------+----------+-------------------------------------------
     0 | D:1      | KennySheep the Demigod Hunter began the quest for the Orb.
     0 | D:1      | Reached XP level 1. HP: 17/17 MP: 3/3
   141 | D:1      | Reached skill level 4 in Ranged Weapons
   141 | D:1      | Reached XP level 2. HP: 24/24 MP: 4/4
   505 | D:1      | Reached XP level 3. HP: 29/29 MP: 5/5
  1505 | D:3      | Noticed Natasha
  1512 | D:2      | Killed Natasha
  1513 | D:2      | Reached XP level 4. HP: 24/36 MP: 6/6
  1803 | D:3      | Reached skill level 5 in Ranged Weapons
  2056 | D:4      | Found Baeheuc's Book Shoppe.
  2155 | D:4      | Noticed Sigmund
  2303 | D:4      | Killed Sigmund
  2304 | D:4      | Reached XP level 5. HP: 41/41 MP: 7/7
  2345 | D:4      | Noticed Eustachio
  2505 | D:3      | Reached skill level 6 in Ranged Weapons
  2505 | D:3      | Reached XP level 6. HP: 48/48 MP: 8/8
  2515 | D:4      | Found a staircase to the Ecumenical Temple.
  2674 | D:3      | Killed Eustachio
  2800 | D:4      | Found Zizes's Book Shop.
  2889 | D:4      | Reached XP level 7. HP: 52/53 MP: 9/9
  2909 | D:4      | Found Oxol's Book Shoppe.
  3057 | D:4      | Reached skill level 7 in Ranged Weapons
  3380 | D:5      | Entered Level 5 of the Dungeon
  3530 | D:5      | Reached skill level 5 in Dodging
  3614 | D:5      | Noticed a troll
  3651 | D:5      | Reached skill level 8 in Ranged Weapons
  4337 | D:6      | Reached XP level 8. HP: 60/60 MP: 10/10
  4694 | D:6      | Noticed a two-headed ogre
  4748 | D:6      | Noticed Maggie
  4750 | D:6      | Reached skill level 9 in Ranged Weapons
  5135 | D:7      | Killed from afar by an orc priest

Illustrated notes

Levels and vault maps discovered:
D:1:      giann_bridges, layout_loops_ring
D:2:      layout_basic
D:3:      layout_basic, uniq_natasha
D:4:      layout_cave_pools, led_sif_book, grunt_dithmenos_smoke_and_mirrors,
          minmay_temple_entry_proselytizer, serial_shops, shop_fountains,
          nicolae_lakefront_shop, nicolae_shop_behind_doors, uniq_eustachio,
          uniq_sigmund
D:5:      layout_rooms, mainiacjoe_overflow_chevrons, minmay_fountain_box
D:6:      layout_loops_ring, minmay_diced_spiral, uniq_crazy_yiuf_cottage,
          uniq_maggie, uniq_blork_the_orc
D:7:      layout_loops_corners

Skill      XL: |  1  2  3  4  5  6  7  8 |
---------------+-------------------------+-----
Dodging        | 2 3 4 5 6 |  6.1
Ranged Weapons | 4 5 6 8 9 |  9.2
Fighting       | 3 |  3.0
Stealth        | |  0.8

Action                   |  1- 3 |  4- 6 |  7- 9 || total
-------------------------+-------+-------+-------++-------
Melee: Shortbow          |       |       |     1 ||     1
 Fire: Shortbow          |    86 |   151 |   218 ||   455
  Use: Scroll            |       |     3 |     5 ||     8
       Potion            |       |       |     5 ||     5
Armor: Leather armour    |     7 |     9 |    22 ||    38
       Skin              |       |     3 |       ||     3
       Robe              |       |     9 |       ||     9
Dodge: Dodged            |    12 |    54 |   109 ||   175

Table legend: (Time is in decaauts)
 A = Elapsed time spent in this place.
 B = Non-inter-level travel time spent in this place.
 C = Inter-level travel time spent in this place.
 D = Time resting spent in this place.
 E = Time spent auto-exploring this place.
 F = Levels seen in this place.
 G = Mean time per level.
                   A        B        C        D        E       F      G
               +--------+--------+--------+--------+--------+-----+--------+
         Total |   5237 |   4888 |    349 |   1119 |   2688 |   7 |  748.1 |
       Dungeon |   5237 |   4888 |    349 |   1119 |   2688 |   7 |  748.1 |
               +--------+--------+--------+--------+--------+-----+--------+

Top non-repeatable levels by time:
     D:3: 979 daAuts
     D:2: 933 daAuts
     D:4: 903 daAuts
     D:5: 862 daAuts
     D:1: 740 daAuts
     D:6: 491 daAuts
     D:7: 327 daAuts
